 Dungeon Crawl Stone Soup version 0.29.1-2-gbd0b4ee654 (webtiles) character file.

Game seed: 11185363586210862258

1668 xian the Conjurer (level 8, -24/54 HPs)
             Began as a Demonspawn Conjurer on Nov 28, 2022.
             Was a Follower of Vehumet.
             Annihilated by a two-headed ogre
             ... wielding a +0 giant spiked club
              (27 damage)
             ... on level 6 of the Dungeon.
             The game lasted 00:19:00 (7475 turns).

xian the Conjurer (Demonspawn Conjurer)             Turns: 7475, Time: 00:19:00

Health: -24/54     AC:  8    Str:  8    XL:     8   Next: 69%
Magic:  3/16       EV: 10    Int: 22    God:    Vehumet [*.....]
Gold:   275        SH:  8    Dex: 11    Spells: 11/18 levels left

rFire   + . .      SeeInvis +   c - +0 dagger (vamp)
rCold   . . .      Faith    +   A - +0 kite shield
rNeg    . . .      Spirit   .   s - +1 leather armour {rF+}
rPois   .          Reflect  .   (no helmet)
rElec   .          Harm     .   (cloak unavailable)
rCorr   +          Rampage  .   (no gloves)
Will    .....                   (no boots)
Stlth   ++........              B - amulet of faith
HPRegen 0.18/turn               e - ring of see invisible
MPRegen 0.15/turn               D - ring of flight

@: flying
A: yellow scales 3, ignite blood 1, weakness stinger 3
a: Renounce Religion


You were on level 6 of the Dungeon.
You worshipped Vehumet.
Vehumet was aware of your devotion.
You visited 2 branches of the dungeon, and saw 7 of its levels.
You also visited: Sewer.

You collected 288 gold pieces.
You spent 13 gold pieces at shops.

Inventory:

Hand Weapons
 c - a +0 vampiric dagger (weapon)
Armour
 s - a +1 leather armour of fire resistance (worn)
 A - a +0 kite shield (worn)
Jewellery
 d - an amulet of guardian spirit
 e - a ring of see invisible (left hand)
 B - an amulet of faith (around neck)
 D - a ring of flight (right hand)
Wands
 y - a wand of paralysis (5)
 F - a wand of flame (11)
Scrolls
 a - a scroll of summoning {unknown}
 j - 2 scrolls of magic mapping
 k - a scroll of amnesia
 l - a scroll of torment {unknown}
 m - a scroll of enchant weapon
 o - a scroll of teleportation
 r - 3 scrolls of enchant armour
 t - 2 scrolls of blinking {unknown}
 u - a scroll of fear {unknown}
 x - a scroll of brand weapon {unknown}
 C - a scroll of identify
Potions
 b - a potion of magic
 f - a potion of attraction {unknown}
 g - a potion of experience {unknown}
 h - 3 potions of curing {unknown}
 i - 2 potions of heal wounds {unknown}
 n - a potion of berserk rage {unknown}
 p - 2 potions of brilliance {unknown}
 q - 2 potions of might {unknown}
 v - 2 potions of cancellation {unknown}
 w - 2 potions of lignification {unknown}
 z - 2 potions of mutation {unknown}
 E - a potion of invisibility {unknown}


   Skills:
 + Level 1.4 Fighting
 + Level 2.9 Armour
 + Level 3.0 Dodging
 + Level 3.1 Stealth
 * Level 3.2 Shields
 + Level 5.7 Spellcasting
 + Level 7.7 Conjurations


You had 11 spell levels left.
You knew the following spells:

 Your Spells              Type           Power      Damage    Failure   Level
a - Magic Dart            Conj           100%       1d8       1%          1
b - Searing Ray           Conj           80%        2d7       2%          2
c - Iskenderun's Mystic   Conj/Tloc      23%        2d6       63%         4

Your spell library contained the following spells:

 Spells                   Type           Power      Damage    Failure   Level
 Shock                    Conj/Air       92%        1d8       9%          1
 Dazzling Flash           Conj/Hex       46%        N/A       26%         3
 Blink                    Tloc           12%        N/A       52%         2
 Ensorcelled Hibernation  Hex/Ice        12%        N/A       52%         2
 Passwall                 Tmut/Erth      5%         N/A       52%         2
 Fulminant Prism          Conj/Hex       11%        3d9       63%         4
 Swiftness                Air            6%         N/A       77%         3
 Manifold Assault         Tloc           6%         N/A       100%        5
 Storm Form               Tmut/Air       3%         N/A       100%        7


Dungeon Overview and Level Annotations

Branches:
Dungeon (6/15)             Temple (1/1) D:5           Sewer (visited)

Altars:
Ashenzari
Dithmenos
Fedhas
Gozag
Kikubaaqudgha
Makhleb
Okawaru
Qazlal
Ru
Sif Muna
Trog
Uskayaw
Vehumet
Wu Jian
Xom
Yredelemnul

Shops:
D:2 (   D:3 ?

Annotations:
D:2 slimy sword


Innate Abilities, Weirdness & Mutations

You are completely covered in yellow scales. (AC +4, rCorr)
Your demonic aura sometimes causes spilled blood to erupt in flames.
You have a sharp stinger which inflicts weakening toxins.


Message History

The centaur kicks you but does no damage.
The searing ray hits the centaur!
The centaur is almost dead.
The searing ray hits the two-headed ogre!
The two-headed ogre is moderately wounded.
The searing ray hits the gnoll!
You kill the gnoll!
Vehumet accepts your kill. The centaur closely misses you.
You block the centaur's attack.
The centaur hits you but does no damage.
You block the centaur's attack.
The searing ray hits the two-headed ogre.
The two-headed ogre is heavily wounded.
You block the centaur's attack.
The centaur kicks you but does no damage.
The two-headed ogre hits you with a +0 giant spiked club!!
* * * LOW HITPOINT WARNING * * *
The two-headed ogre hits you with a +0 giant spiked club!
* * * LOW HITPOINT WARNING * * *
Okay, then.
Okay, then.
The centaur wields a +0 shortbow.
The centaur shoots an arrow.
The arrow misses you.
Casting: Searing Ray (safe; 2% risk of failure)
Confirm with . or Enter, or press ? or * to list all spells.
Aiming: Searing Ray (safe; 2% risk of failure)
Press: ? - help, Shift-Dir - straight line, f - centaur, p - two-headed ogre
Aim: a centaur, wielding a +0 shortbow (almost dead, 88% to hit)
The searing ray hits the centaur.
You kill the centaur!
Vehumet accepts your kill. (Press . to maintain the ray.)
Okay, then.
As you read the scroll labelled AQESIXZ IJUCU, it crumbles to dust.
It is a scroll of amnesia.
Really abort (and waste the scroll)?
Okay, then.
The two-headed ogre hits you with a +0 giant spiked club!!
Ouch! That really hurt!
You die...

.......#.....##....
.............#..#
#####...##....#
##.####...# ##.#
##.## #..#####..#
.####..##.....####.#
..?.))))............#
.#....###.O@...######
#...# ###....## ....#
#..##..## ...g
##..####.## ### #..##
##.## ###.# ##.#
#....# ##..##
.#...####....#
#..##.##.##


You could see a two-headed ogre.

Vanquished Creatures
  Menkaure (D:5)
  A black bear (D:4)
  An ice beast (D:6)
  An ogre (D:5)
  2 centaurs
  2 kobold brigands (Sewer)
  2 necrophages (D:5)
  6 scorpions
  4 hounds (D:5)
  An iguana (D:5)
  2 orc wizards
  4 gnolls (D:6)
  8 adders
  4 river rats (Sewer)
  An ufetubus (D:5)
  5 worms
  7 dart slugs
  19 orcs
  10 ball pythons
  4 bats
  7 endoplasms
  7 giant cockroaches
  8 goblins
  6 hobgoblins
  9 jackals
  10 kobolds
  4 quokkas
  4 frilled lizards
  12 rats
152 creatures vanquished.

Vanquished Creatures (others)
  A human (D:5)
  6 plants (Sewer)
7 creatures vanquished.

Grand Total: 159 creatures vanquished

Notes
Turn   | Place    | Note
-------+----------+-------------------------------------------
     0 | D:1      | xian the Demonspawn Conjurer began the quest for the Orb.
     0 | D:1      | Reached XP level 1. HP: 13/13 MP: 3/3
   186 | D:1      | Gained mutation: You have a small tail. [demonic ancestry]
   186 | D:1      | Reached XP level 2. HP: 19/19 MP: 0/5
   425 | D:1      | Learned a level 2 spell: Searing Ray
  1190 | D:2      | Gained mutation: You have a tail ending in a sharp stinger.
                  | [demonic ancestry]
  1190 | D:2      | Reached XP level 3. HP: 24/24 MP: 3/6
  1594 | D:2      | Found a sacrificial altar of Ru.
  1892 | D:2      | Found a faded altar of an unknown god.
  2019 | D:2      | Gained mutation: You are partially covered in yellow
                  | scales. (AC +2) [demonic ancestry]
  2019 | D:2      | Reached XP level 4. HP: 30/30 MP: 4/7
  2278 | D:2      | Found Qusint's Antique Weapon Shop.
  2549 | D:3      | Reached skill level 5 in Conjurations
  2671 | D:3      | Found a glowing drain.
  2697 | Sewer    | Entered a sewer
  2895 | Sewer    | Reached skill level 1 in Armour
  2895 | Sewer    | Gained mutation: You are mostly covered in yellow scales.
                  | (AC +3) [demonic ancestry]
  2895 | Sewer    | Reached XP level 5. HP: 34/35 MP: 3/9
  3438 | Sewer    | Gained mutation: You are completely covered in yellow
                  | scales. (AC +4, rCorr) [demonic ancestry]
  3438 | Sewer    | Reached XP level 6. HP: 35/42 MP: 0/11
  4075 | D:3      | Reached skill level 1 in Fighting
  4171 | D:3      | Found Abuezata's Magic Scroll Shoppe.
  4177 | D:3      | Bought a scroll of noise for 13 gold pieces
  4258 | D:3      | Learned a level 4 spell: Iskenderun's Mystic Blast
  4944 | D:4      | Found a burning altar of Makhleb.
  5110 | D:4      | Gained mutation: You have a sharp stinger which inflicts
                  | weakening toxins. [demonic ancestry]
  5110 | D:4      | Reached XP level 7. HP: 43/48 MP: 1/13
  5410 | D:4      | Reached skill level 1 in Shields
  5410 | D:4      | Reached skill level 6 in Conjurations
  5537 | D:4      | Found a blossoming altar of Fedhas.
  5874 | D:5      | Entered Level 5 of the Dungeon
  5878 | D:5      | Found an opulent altar of Gozag.
  5945 | D:5      | Found an ancient bone altar of Kikubaaqudgha.
  5946 | D:5      | Noticed a human
  5950 | D:5      | Killed a human
  6351 | D:5      | Found a staircase to the Ecumenical Temple.
  6361 | Temple   | Entered the Ecumenical Temple
  6368 | Temple   | Became a worshipper of Vehumet
  6662 | D:5      | Gained mutation: Your demonic aura sometimes causes spilled
                  | blood to erupt in flames. [demonic ancestry]
  6662 | D:5      | Reached XP level 8. HP: 54/54 MP: 8/15
  6779 | D:5      | Reached skill level 5 in Spellcasting
  6780 | D:5      | Noticed Menkaure
  6787 | D:5      | Killed Menkaure
  7103 | D:5      | Reached skill level 7 in Conjurations
  7460 | D:6      | Noticed a two-headed ogre
  7465 | D:6      | Reached * piety under Vehumet
  7465 | D:6      | Offered knowledge of Shock by Vehumet.
  7470 | D:6      | HP: 2/54 [two-headed ogre/+0 giant spiked club (13)]
  7475 | D:6      | Annihilated by a two-headed ogre

Illustrated notes

Levels and vault maps discovered:
D:1:      ncdulo_wetmaze, layout_basic, st_stairs_11, hex_medium
D:2:      kennysheep_big_flooded_room, layout_basic, serial_shops, shop,
          basic_altar, ebering_ecumenical_altar_abandoned
D:3:      layout_loops_ring, serial_shops,
          nicolae_shop_temple_entry_statues_fountains, gup_sewer_entry_glass
D:4:      layout_rooms, bloody_makhleb, fedhas_altar_1, nrook_mini_vaults
D:5:      layout_basic, tgw_kikubaaqudgha, mainiacjoe_overflow_boulevard,
          minmay_temple_entry_fiery, bh_walls_and_bars, uniq_menkaure
D:6:      layout_layer_cave, mainiacjoe_overflow_cross_hatched,
          ebering_ghost_gozag, grunt_ministairs_8,
          nicolae_concentric_dashed_squares_mild
Temple:   nicolae_temple_ecumenical_triangle

Skill      XL: |  1  2  3  4  5  6  7  8 |
---------------+-------------------------+-----
Stealth        | 2 3 |  3.1
Dodging        | 2 3 |  3.0
Conjurations   | 5 6 7 |  7.7
Spellcasting   | 3 4 5 |  5.7
Armour         | 1 2 |  2.9
Fighting       | 1 |  1.4
Shields        | 2 3 |  3.2

Action                   |  1- 3 |  4- 6 |  7- 9 || total
-------------------------+-------+-------+-------++-------
Melee: Unarmed           |     8 |       |       ||     8
       Dagger            |     6 |    44 |     6 ||    56
       Tailslap          |     2 |     9 |     1 ||    12
       Punch             |       |     1 |       ||     1
 Cast: Magic Dart        |    69 |    87 |    66 ||   222
       Searing Ray       |     3 |    24 |    23 ||    50
  Use: Scroll            |       |     4 |     1 ||     5
 Stab: Sleeping          |       |     1 |       ||     1
Armor: Robe              |     3 |       |       ||     3
       Leather armour    |     1 |    33 |    26 ||    60
Dodge: Dodged            |     5 |    43 |    22 ||    70
Block: Kite shield       |       |       |    18 ||    18
